 Dungeon Crawl Stone Soup version 0.30-a0-824-g6c64550be9 (webtiles) character file.

Game seed: 8138350542471749527

64087 Pimp the Fighter (level 14, -5/195 HPs)
             Began as a Demonspawn Berserker on Feb 27, 2023.
             Was the Champion of Trog.
             Slain by a nagaraja
             ... wielding a +0 halberd
              (8 damage)
             ... on level 3 of the Snake Pit.
             The game lasted 01:02:18 (16615 turns).

Pimp the Fighter (Demonspawn Berserker)            Turns: 16615, Time: 01:02:19

Health: -5/195     AC: 43    Str: 26    XL:     14   Next: 70%
Magic:  15/15      EV: 19    Int:  9    God:    Trog [******]
Gold:   1267       SH:  0    Dex: 18    Spells: 13/13 levels left

rFire   + + .      SeeInvis +    a - +8 executioner's axe of Seitaus {flame, rF++ rN+}
rCold   . . .      Faith    .    (shield currently unavailable)
rNeg    + + .      Spirit   .    y - +8 chain mail "Tyegont" {-Cast rC- Dex+8 SInv}
rPois   .          Reflect  .    m - +2 hat of the Stag {rC++ rN+ Dex-5}
rElec   .          Harm     .    n - +1 cloak of Starlight {*Dazzle EV+4 Stlth--}
rCorr   +          Rampage  .    w - +1 pair of gloves of Fortitude {Will++ rCorr Int-4 Slay+4}
Will    +++..      NoCast   +    (no boots) Stlth
                                 (no amulet)
HPRegen 0.52/turn                O - +6 ring of strength
MPRegen 0.14/turn                T - ring "Juvating" {AC+4 Dex+2 Stlth+}

@: berserking (expiring), lethally poisoned (-5 -> -10), silenced, sanguine
armoured, very quick
A: demonic guardian 2, powered by pain 1, augmentation 1, sanguine armour 3,
demonic touch 2, hooves 2, clever 1, high MP 1, robust 1, cold vulnerability 1
a: Renounce Religion


You were on level 3 of the Snake Pit.
You worshipped Trog.
Trog was exalted by your worship.
You visited 4 branches of the dungeon, and saw 19 of its levels.
You also visited: Ossuary, Gauntlet and Ice Cave.

You collected 1911 gold pieces.
You spent 644 gold pieces at shops.

Inventory:

Hand Weapons
 a - the +8 executioner's axe of Seitaus (weapon) {flame, rF++ rN+}
   (Trog gifted it to you on level 1 of the Orcish Mines)

   rF:        It greatly protects you from fire.
   rN:        It protects you from negative energy.
 l - a +4 longbow of freezing
 z - a +5 battleaxe of flaming
 V - a +5 executioner's axe
Missiles
 M - 5 silver javelins
Armour
 b - the +0 plate armour "Yfileron" {rPois Int+3}
   (You bought it in a shop on level 2 of the Orcish Mines)

   Int:       It affects your intelligence (+3).
   rPois:     It protects you from poison.
 c - a +2 helmet
 m - the +2 hat of the Stag (worn) {rC++ rN+ Dex-5}
   (You found it in a Gauntlet)

   Dex:       It affects your dexterity (-5).
   rC:        It greatly protects you from cold.
   rN:        It protects you from negative energy.
 n - the +1 cloak of Starlight (worn) {*Dazzle EV+4 Stlth--}
   (You found it in a Gauntlet)

   *Dazzle:   It may blind those who miss an attack against the wearer in melee
   combat.
   EV:        It affects your evasion (+4).
   Stlth:     It makes you much less stealthy.
 w - the +1 pair of gloves of Fortitude (worn) {Will++ rCorr Int-4 Slay+4}
   (You found it on level 6 of the Dungeon)

   Int:       It affects your intelligence (-4).
   Slay:      It affects your accuracy & damage with ranged weapons and melee
   (+4).
   rCorr:     It protects you from acid and corrosion.
   Will:      It greatly increases your willpower.
 y - the +8 chain mail "Tyegont" (worn) {-Cast rC- Dex+8 SInv}
   (You found it on level 7 of the Dungeon)

   Dex:       It affects your dexterity (+8).
   rC:        It makes you vulnerable to cold.
   SInv:      It lets you see invisible.
   -Cast:     It prevents spellcasting.
 H - a +1 cloak
Jewellery
 e - a ring of poison resistance
 k - a +5 ring of evasion
 o - a ring of see invisible
 p - a ring of protection from cold
 x - a ring of resist corrosion
 D - a ring of ice
 K - a ring of willpower
 L - an amulet of magic regeneration
 O - a +6 ring of strength (left hand)
 P - a ring of fire
 Q - a +6 ring of intelligence
 T - the ring "Juvating" (right hand) {AC+4 Dex+2 Stlth+}
   (You found it on level 1 of the Lair of Beasts)

   [ring of protection]

   AC:        It affects your AC (+4).
   Dex:       It affects your dexterity (+2).
   Stlth:     It makes you more stealthy.
 U - a ring of protection from fire
Wands
 j - a wand of roots (22)
 r - a wand of polymorph (5)
 t - a wand of digging (6)
 I - a wand of mindburst (11) (quivered)
 R - a wand of quicksilver (6)
 S - a wand of charming (8)
Scrolls
 d - 5 scrolls of identify
 g - 3 scrolls of immolation
 i - 4 scrolls of fog
 u - 8 scrolls of teleportation
 C - a scroll of poison
Potions
 f - a potion of resistance
 q - 3 potions of curing
 s - a potion of ambrosia
 v - 3 potions of attraction
 A - 2 potions of heal wounds
 B - 4 potions of might
 E - 2 potions of lignification
 F - 2 potions of haste
 J - 2 potions of invisibility
 N - 3 potions of magic


   Skills:
 + Level 13.6 Fighting
 + Level 12.6 Axes
 + Level 12.4 Armour
 + Level 12.4 Dodging


You had 13 spell levels left.
You didn't know any spells.
Your spell library was empty.

Dungeon Overview and Level Annotations

Branches:
Dungeon (11/15)            Temple (0/1) D:4            Lair (3/5) D:11
  Snake (2/4) Lair:3          Orc (2/2) D:10            Elf (0/3) Orc:2
Ossuary (visited)           IceCv (visited)         Gauntlet (visited)
  Swamp: Lair:2-3    Shoals: Lair:2-3

Altars:
Ashenzari
Cheibriados
Dithmenos
Kikubaaqudgha
Nemelex Xobeh
Qazlal
Trog
Vehumet
Xom
Yredelemnul

Shops:
D:1 *   D:8 *   Orc:2 (=[*

Annotations:
D:2 Sigmund


Innate Abilities, Weirdness & Mutations

A demonic guardian rushes to your aid.
You sometimes gain a little power by taking damage.
Your magical and physical power is slightly enhanced at high health.
When seriously injured, your blood forms very thick armour. (AC +12)
Your touch may inflict irresistible damage on your foes.
You have hoof-like feet.
Your mind is acute. (Int +4, Str/Dex -1)
You have an increased reservoir of magic. (+10% MP)
You are robust. (+10% HP)
You are vulnerable to cold. (rC-)


Message History

The nagaraja hits you from afar with a +0 halberd!
* * * LOW HITPOINT WARNING * * *
You miss the anaconda.
The anaconda is heavily wounded.
You barely miss the nagaraja.
The anaconda bites you but does no damage.
The nagaraja hits you but does no damage.
You slice the nagaraja!! You burn the nagaraja.
You feel the power of Trog in you as your rage grows.
You kill the nagaraja!
Trog accepts your kill.
Trog appreciates your killing of a magic user.
You closely miss the anaconda.
The anaconda is no longer blind.
The anaconda grabs you.
The anaconda bites you but does no damage.
The anaconda constricts you. The nagaraja barely misses you.
The anaconda barely misses you. The anaconda constricts you.
You closely miss the anaconda. You kick the anaconda!
The anaconda is heavily wounded.
The anaconda misses you. The anaconda constricts you.
The nagaraja hits you from afar with a +0 halberd.
* * * LOW HITPOINT WARNING * * *
You slice the anaconda!! You burn the anaconda. You kick the anaconda.
You kill the anaconda!
Trog accepts your kill. The nagaraja spits poison at you.
The splash of poison hits you but does no damage.
You are poisoned.
You feel sick.
The nagaraja hits you with a +0 halberd!!
* * * LOW HITPOINT WARNING * * *
The nagaraja closely misses you.
Things that are here:
a +0 flail; a +0 robe You slash the nagaraja!
You burn the nagaraja.
The nagaraja is lightly wounded.
* * * LOW HITPOINT WARNING * * *
You feel sick.
The nagaraja hits you with a +0 halberd!
You die...

.. .
.## ..#
#.# #.#
#)#
#.##
#.@###
##.N.##
###..##
##..#
##..$.#
.#.....
.# ....
## ...
..


You could see a nagaraja (fast, strong).

Vanquished Creatures
  Gastronok (Lair:2)
  A nagaraja (Snake:3)
  A frost giant (IceCv)
  An orc warlord (Orc:2)
  A minotaur (Gauntlet)
  A dire elephant (Lair:1)
  A catoblepas (Lair:1)
  2 anacondas
  2 boulder beetles
  4 two-headed ogres
  9 death yaks
  2 naga warriors (Snake:3)
  3 orc high priests (Orc:2)
  Nergalle (Lair:2)
  A skyshark (Lair:3)
  A naga ritualist (Snake:1)
  4 orc knights
  2 mana vipers (Snake:1)
  4 deep elf pyromancers (Orc:2)
  3 salamanders
  6 deep elf zephyrmancers
  3 orc sorcerers
  A cyclops (D:11)
  A merfolk siren (Lair:3)
  4 cane toads
  An apocalypse crab (Gauntlet)
  2 naga magi (Snake:1)
  11 black mambas
  A gargoyle (D:11)
  An unseen horror (D:11)
  4 komodo dragons
  7 rime drakes
  8 polar bears
  2 trolls
  4 hornets
  8 blink frogs
  2 wraiths
  4 wyverns
  4 basilisks
  36 yaks
  9 nagas
  3 wargs
  The ghost of hgbash the Magician, an amateur DEEE (D:4)
  8 water moccasins
  2 acid dragons
  34 orc warriors
  A sky beast (D:6)
  An ice beast (D:7)
  3 ogres
  4 centaurs
  16 wolves
  3 phantoms (D:10)
  4 kobold brigands
  Blork the orc (D:4)
  8 bullfrogs
  A necrophage (D:6)
  4 scorpions
  A wight (D:6)
  A troll zombie (D:10)
  10 killer bees (D:10)
  13 howler monkeys
  3 electric eels
  6 hounds
  2 jellies
  28 orc priests
  A gnoll bouda (D:7)
  4 iguanas
  Terence (D:3)
  34 orc wizards
  5 ogre zombies (D:10)
  A mummy (Ossuary)
  Robin (D:3)
  17 gnolls
  5 adders
  2 white imps
  An ufetubus (D:5)
  A worm (D:3)
  67 orcs
  A bat zombie (D:7)
  6 endoplasms
  2 giant cockroaches (D:1)
  19 goblins
  10 hobgoblins
  6 jackals
  21 kobolds
  4 quokkas
  4 ball pythons
  4 bats
  2 frilled lizards
  6 gnoll skeletons (Ossuary)
  A goblin skeleton (D:10)
  A goblin zombie (D:10)
  A hobgoblin skeleton (D:10)
  2 hobgoblin zombies (D:10)
  10 kobold skeletons (Ossuary)
  13 orc skeletons
  8 orc zombies (D:10)
  2 rats
  2 rat zombies (D:7)
587 creatures vanquished.

Vanquished Creatures (collateral kills)
  A balrug (Gauntlet)
  2 orc sorcerers (Orc:2)
  An elephant (Lair:1)
  A kobold brigand (D:7)
  A jelly (D:6)
  2 orc priests
  An orc (Orc:2)
  2 kobolds (D:7)
  A goblin zombie (D:10)
  An orc zombie (D:10)
13 creatures vanquished.

Vanquished Creatures (others)
  3 orc wizards (Orc:2)
  2 orcs (Orc:2)
  6 fungi
  30 plants
  11 toadstools (Lair:1)
52 creatures vanquished.

Grand Total: 652 creatures vanquished

Notes
Turn   | Place    | Note
-------+----------+-------------------------------------------
     0 | D:1      | Pimp the Demonspawn Berserker began the quest for the Orb.
     0 | D:1      | Reached XP level 1. HP: 18/18 MP: 1/1
   214 | D:1      | Gained mutation: When seriously injured, your blood forms
                  | armour. (AC +12) [demonic ancestry]
   214 | D:1      | Reached XP level 2. HP: 18/24 MP: 2/2
   564 | D:1      | Found Tyt Nakk's Assorted Antiques.
   608 | D:1      | Reached XP level 3. HP: 29/29 MP: 3/3
  1118 | D:2      | Noticed Sigmund
  1125 | D:2      | You fall into a shaft and drop 1 floor!
  1242 | D:3      | Reached ** piety under Trog
  1402 | D:3      | Gained mutation: Your body sometimes deteriorates upon
                  | taking damage. [potion of mutation]
  1402 | D:3      | Gained mutation: You are agile. (Dex +4, Str/Int -1)
                  | [potion of mutation]
  1403 | D:3      | Lost mutation: Your body sometimes deteriorates upon taking
                  | damage. [potion of mutation]
  1403 | D:3      | Lost mutation: You are agile. (Dex +4, Str/Int -1) [potion
                  | of mutation]
  1403 | D:3      | Gained mutation: You are clumsy. (Dex -2) [potion of
                  | mutation]
  1403 | D:3      | Gained mutation: Your spells are a little harder to cast,
                  | but a little more powerful. [potion of mutation]
  1473 | D:3      | Gained mutation: You sometimes gain a little power by
                  | taking damage. [demonic ancestry]
  1473 | D:3      | Reached XP level 4. HP: 35/35 MP: 4/4
  1505 | D:3      | Noticed Robin
  1532 | D:3      | Killed Robin
  1756 | D:3      | Noticed Terence
  1766 | D:3      | Killed Terence
  1831 | D:3      | Found a sparkling altar of Nemelex Xobeh.
  2087 | D:4      | Found a staircase to the Ecumenical Temple.
  2244 | D:4      | Reached skill level 4 in Fighting
  2244 | D:4      | Gained mutation: Your touch may inflict minor irresistible
                  | damage on your foes. [demonic ancestry]
  2244 | D:4      | Reached XP level 5. HP: 26/42 MP: 5/5
  2588 | D:4      | Reached *** piety under Trog
  2589 | D:4      | Gained mutation: A weak demonic guardian rushes to your
                  | aid. [demonic ancestry]
  2589 | D:4      | Reached XP level 6. HP: 36/49 MP: 6/6
  2654 | D:4      | Noticed Blork the orc
  2706 | D:4      | Killed Blork the orc
  3244 | D:4      | Found a runed translucent door.
  3247 | D:4      | Noticed hgbash's ghost (amateur DEEE)
  3260 | D:4      | Killed hgbash's ghost
  3261 | D:4      | Reached XP level 7. HP: 55/55 MP: 7/7
  3515 | D:5      | Entered Level 5 of the Dungeon
  3536 | D:5      | Reached skill level 5 in Fighting
  3832 | D:5      | Found a radiant altar of Vehumet.
  4096 | D:5      | Reached skill level 5 in Axes
  4096 | D:5      | Gained mutation: A demonic guardian rushes to your aid.
                  | [demonic ancestry]
  4096 | D:5      | Reached XP level 8. HP: 56/63 MP: 8/8
  4385 | D:5      | Reached **** piety under Trog
  4586 | D:6      | Reached skill level 5 in Armour
  4590 | D:6      | Reached skill level 5 in Dodging
  4592 | D:6      | Reached skill level 6 in Fighting
  4817 | D:6      | Identified the +1 pair of gloves of Fortitude {Will++ rCorr
                  | Int-4 Slay+4}
  5146 | D:6      | Identified the +0 leather armour "Omaocesm" {Contam rN++
                  | Str-4 Int+8}
  5226 | D:6      | Reached XP level 9. HP: 70/71 MP: 9/9
  5379 | D:7      | Found a stormy altar of Qazlal.
  5408 | D:7      | Identified the +8 chain mail "Tyegont" {-Cast rC- Dex+8
                  | SInv}
  5443 | D:7      | Found a sand-covered staircase.
  5473 | Ossuary  | Entered an ossuary
  5488 | Ossuary  | Reached ***** piety under Trog
  5545 | Ossuary  | Reached skill level 7 in Fighting
  5765 | D:7      | Found a shadowy altar of Dithmenos.
  5803 | D:7      | Found a bloodstained altar of Trog.
  6101 | D:7      | Found an ancient bone altar of Kikubaaqudgha.
  6470 | D:8      | Found Zexel's Changing Room.
  6488 | D:8      | Lost mutation: Your spells are a little harder to cast, but
                  | a little more powerful. [potion of mutation]
  6488 | D:8      | Lost mutation: You are clumsy. (Dex -2) [potion of
                  | mutation]
  6488 | D:8      | Gained mutation: You possess an exceptional clarity of
                  | mind. [potion of mutation]
  6488 | D:8      | Gained mutation: You are vulnerable to cold. (rC-) [potion
                  | of mutation]
  6488 | D:8      | Gained mutation: You have hidden genetic potential. [potion
                  | of mutation]
  6488 | D:8      | Gained mutation: Your spells are a little harder to cast,
                  | but a little more powerful. [potion of mutation]
  6489 | D:8      | Lost mutation: Your spells are a little harder to cast, but
                  | a little more powerful. [potion of mutation]
  6489 | D:8      | Lost mutation: You possess an exceptional clarity of mind.
                  | [potion of mutation]
  6489 | D:8      | Gained mutation: You have a somewhat thin skeletal
                  | structure. (Dex +2, Stealth+) [potion of mutation]
  6489 | D:8      | Gained mutation: You are agile. (Dex +4, Str/Int -1)
                  | [potion of mutation]
  6489 | D:8      | Gained mutation: You are covered in fur. (AC +1) [potion of
                  | mutation]
  6490 | D:8      | Lost mutation: You are agile. (Dex +4, Str/Int -1) [potion
                  | of mutation]
  6490 | D:8      | Lost mutation: You have a somewhat thin skeletal structure.
                  | (Dex +2, Stealth+) [potion of mutation]
  6490 | D:8      | Lost mutation: You are covered in fur. (AC +1) [potion of
                  | mutation]
  6490 | D:8      | Gained mutation: You have large cloven feet. [potion of
                  | mutation]
  6490 | D:8      | Gained mutation: You have an increased reservoir of magic.
                  | (+10% MP) [potion of mutation]
  6490 | D:8      | Gained mutation: You have hoof-like feet. [potion of
                  | mutation]
  6682 | D:9      | Noticed a two-headed ogre
  6690 | D:8      | Gained mutation: When seriously injured, your blood forms
                  | thick armour. (AC +12) [demonic ancestry]
  6690 | D:8      | Reached XP level 10. HP: 59/80 MP: 11/11
  6694 | D:8      | Reached skill level 8 in Fighting
  6821 | D:8      | Received a gift from Trog
  6827 | D:8      | Killed a two-headed ogre
  7037 | D:9      | Gained mutation: You are robust. (+10% HP) [hidden
                  | potential]
  7096 | D:9      | Found a shimmering altar of Xom.
  7239 | D:9      | Found a basalt altar of Yredelemnul.
  7454 | D:9      | Found a snail-covered altar of Cheibriados.
  7539 | D:10     | Entered Level 10 of the Dungeon
  7743 | D:10     | Reached skill level 9 in Fighting
  7927 | D:10     | Noticed an orc sorcerer
  7932 | D:10     | Noticed an orange demon
  7937 | D:10     | Reached XP level 11. HP: 94/97 MP: 12/12
  7958 | D:10     | Killed an orc sorcerer
  8041 | D:10     | Found a staircase to the Orcish Mines.
  8185 | D:10     | Reached ****** piety under Trog
  8366 | D:10     | Found a broken altar of Ashenzari.
  8772 | D:11     | Noticed a two-headed ogre
  8777 | D:11     | Killed a two-headed ogre
  8834 | D:11     | Noticed a two-headed ogre
  8841 | D:11     | Killed a two-headed ogre
  9002 | D:11     | Found a staircase to the Lair.
  9145 | D:11     | Reached skill level 10 in Fighting
  9358 | Orc:1    | Entered Level 1 of the Orcish Mines
  9378 | Orc:1    | Received a gift from Trog
  9702 | Orc:2    | Entered Level 2 of the Orcish Mines
  9702 | Orc:2    | Noticed a two-headed ogre
  9702 | Orc:2    | Found a staircase to the Elven Halls.
  9706 | Orc:2    | Killed a two-headed ogre
  9974 | Orc:2    | Noticed an orc knight
  9988 | Orc:2    | Killed an orc knight
 10049 | Orc:2    | Noticed a deep elf pyromancer
 10050 | Orc:2    | Noticed a deep elf pyromancer
 10053 | Orc:2    | Noticed a deep elf zephyrmancer
 10053 | Orc:2    | Noticed a deep elf zephyrmancer
 10059 | Orc:2    | Killed a deep elf pyromancer
 10060 | Orc:2    | Gained mutation: When seriously injured, your blood forms
                  | very thick armour. (AC +12) [demonic ancestry]
 10060 | Orc:2    | Reached XP level 12. HP: 64/107 MP: 13/13
 10365 | Orc:2    | Gained mutation: Your mind is acute. (Int +4, Str/Dex -1)
                  | [hidden potential]
 10365 | Orc:2    | Lost mutation: You have hidden genetic potential. [hidden
                  | potential expressed]
 10730 | Orc:1    | Identified the +8 executioner's axe of Seitaus {flame, rF++
                  | rN+} (Trog gifted it to you on level 1 of the Orcish Mines)
 10730 | Orc:1    | Received a gift from Trog
 10731 | Orc:1    | Reached skill level 10 in Axes
 11048 | Orc:2    | Noticed an orc high priest
 11050 | Orc:2    | Reached skill level 11 in Fighting
 11054 | Orc:2    | Reached skill level 10 in Armour
 11054 | Orc:2    | Reached skill level 10 in Dodging
 11056 | Orc:2    | Killed an orc high priest
 11273 | Orc:2    | Noticed an orc high priest
 11279 | Orc:2    | Noticed an orc warlord
 11281 | Orc:2    | Killed an orc high priest
 11398 | Orc:2    | Killed an orc warlord
 11461 | Orc:2    | Noticed an orc high priest
 11468 | Orc:2    | Killed an orc high priest
 11680 | Orc:2    | Gained mutation: Your touch may inflict irresistible damage
                  | on your foes. [demonic ancestry]
 11680 | Orc:2    | Reached XP level 13. HP: 113/116 MP: 14/14
 11777 | Orc:2    | Received a gift from Trog
 11795 | Orc:2    | Found Conaty's General Store.
 11796 | Orc:2    | Found Doilix's Jewellery Shoppe.
 11799 | Orc:2    | Found Ruwum's Antique Armour Shoppe.
 11799 | Orc:2    | Found Engiguar's Antique Weapon Emporium.
 11817 | Orc:2    | Bought a polished plate armour for 644 gold pieces
 11817 | Orc:2    | Identified the +0 plate armour "Yfileron" {rPois Int+3}
                  | (You bought it in a shop on level 2 of the Orcish Mines)
 12072 | Lair:1   | Entered Level 1 of the Lair of Beasts
 12524 | Lair:1   | Found a gate leading to a gauntlet.
 12541 | Gauntlet | Entered a Gauntlet
 12541 | Gauntlet | Found a transporter.
 12544 | Gauntlet | Found a runed translucent door.
 12545 | Gauntlet | Found a transporter.
 12546 | Gauntlet | Found a runed translucent door.
 12551 | Gauntlet | Found a transporter.
 12555 | Gauntlet | Found a transporter.
 12558 | Gauntlet | Found a transporter.
 12558 | Gauntlet | Found a transporter.
 12579 | Gauntlet | Found a transporter.
 12583 | Gauntlet | Found a transporter.
 12585 | Gauntlet | Found a transporter.
 12588 | Gauntlet | Noticed a balrug
 12590 | Gauntlet | Found a runed translucent door.
 12596 | Gauntlet | Found the +1 cloak of Starlight {*Dazzle EV+4 Stlth--}
 12602 | Gauntlet | Found a transporter.
 12629 | Gauntlet | Found a transporter.
 12636 | Gauntlet | Found a transporter.
 12824 | Gauntlet | Identified the +2 hat of the Stag {rC++ rN+ Dex-5}
 12833 | Gauntlet | a great orb of eyes changed into an ettin
 12833 | Gauntlet | Noticed an ettin (glowing shapeshifter)
 12835 | Gauntlet | an ettin changed into a broodmother
 12835 | Gauntlet | Noticed a broodmother (glowing shapeshifter)
 12838 | Gauntlet | a broodmother changed into an ice dragon
 12864 | Gauntlet | Killed a balrug
 13028 | Gauntlet | Noticed a minotaur
 13034 | Gauntlet | Killed a minotaur
 13035 | Gauntlet | Reached skill level 12 in Fighting
 13335 | Lair:1   | Noticed a dire elephant
 13357 | Lair:1   | Found a runed translucent door.
 13733 | Lair:1   | Killed a dire elephant
 13762 | Lair:1   | Identified the ring "Juvating" {AC+4 Dex+2 Stlth+}
 14270 | Lair:2   | Received a gift from Trog
 14295 | Lair:2   | Noticed Gastronok
 14296 | Lair:2   | Noticed Nergalle
 14312 | Lair:2   | Killed Gastronok
 14313 | Lair:2   | Killed Nergalle
 14535 | Lair:3   | Found a frozen archway.
 14542 | IceCv    | Entered an ice cave
 14689 | IceCv    | Gained mutation: Your magical and physical power is
                  | slightly enhanced at high health. [demonic ancestry]
 14689 | IceCv    | Reached XP level 14. HP: 123/127 MP: 15/15
 14800 | IceCv    | Noticed a frost giant
 14811 | IceCv    | Killed a frost giant
 15101 | IceCv    | Reached skill level 13 in Fighting
 15161 | IceCv    | Received a gift from Trog
 15517 | Lair:3   | Found a staircase to the Snake Pit.
 15606 | Snake:1  | Entered Level 1 of the Snake Pit
 16589 | Snake:2  | You fall into a shaft and drop 1 floor!
 16594 | Snake:3  | Noticed a nagaraja
 16595 | Snake:3  | Noticed a nagaraja
 16611 | Snake:3  | Killed a nagaraja
 16614 | Snake:3  | HP: 4/195 [nagaraja/+0 halberd (27)]
 16615 | Snake:3  | Slain by a nagaraja

Illustrated notes

Levels and vault maps discovered:
D:1:      ncdulo_halloftheorcs, layout_loops_ring, serial_shops, shop,
          roderic_roman_lattice, nrook_uturn
D:2:      layout_loops_cross, uniq_sigmund
D:3:      layout_basic, nemelex_spade_bored_becter, uniq_robin, uniq_terence
D:4:      layout_basic, temple_doors_e, ebering_ghost_inner_flame,
          uniq_blork_the_orc
D:5:      layout_loops_cross, vehumet_crystals
D:6:      layout_basic, tso_oasis_becter, minmay_fractal_squares_5
D:7:      layout_cave_pools, trog_three_pillars_becter,
          mainiacjoe_overflow_small_starburst,
          lemuel_zombie_altar_kikubaaqudgha,
          mainiacjoe_overflow_surrounded_room, enter_ossuary_1
D:8:      layout_rooms, nicolae_transmutations_shop
D:9:      layout_cross, mainiacjoe_overflow_six_doors_small, lemuel_round_altar,
          elyvilon_altar_4, mainiacjoe_overflow_concentric_impassable,
          kennysheep_potato
D:10:     layout_cave_pods, ashenzari_altar_1, zombieorc1_lemuel
D:11:     layout_gridville, david_lair_shrubbed
Lair:1:   gammafunk_lair_enchanted_lake, layout_gridlike, gauntlet_entry_generic
Lair:2:   layout_cave_pods, uniq_nergalle, uniq_gastronok
Lair:3:   layout_misc_corridors, elwin_shoals_entry_stream,
          minmay_snake_entry_guardpost_small, portal_ice_cave_entry_pillars_1
Snake:1:  layout_onion_interference
Snake:2:  layout_layer_cave, serial_shops, nicolae_square_shop,
          ebering_ghost_reflecting_pool
Snake:3:  layout_rooms, st_stairs_1
Orc:1:    layout_diamond_mine
Orc:2:    st_orc_congregation, layout_caves, elves_outpost_lemuel

Skill      XL: |  1  2  3  4  5  6  7  8  9 10 11 12 13 14 |
---------------+-------------------------------------------+-----
Armour         | 2 3 4 5 6 8 9 10 11 12 | 12.4
Dodging        | 2 3 4 5 6 8 9 10 11 12 | 12.4
Axes           | 3 4 5 6 7 8 9 10 11 12 | 12.6
Fighting       | 4 5 6 7 9 10 11 12 13 | 13.6

Action                     |  1- 3 |  4- 6 |  7- 9 | 10-12 | 13-15 || total
---------------------------+-------+-------+-------+-------+-------++-------
  Melee: Hand axe          |   145 |   134 |   265 |    13 |       ||   557
         Punch             |     1 |     1 |     2 |       |       ||     4
         Touch             |       |     6 |    47 |     3 |       ||    56
         Kick              |       |       |     6 |   101 |   110 ||   217
         Battleaxe         |       |       |       |   263 |       ||   263
         Executioner's axe |       |       |       |    75 |   309 ||   384
 Invoke: Berserk           |       |     1 |       |       |     2 ||     3
         Brothers in Arms  |       |       |       |       |     2 ||     2
  Evoke: Wand              |       |     3 |     1 |    21 |     2 ||    27
    Use: Scroll            |     5 |     1 |     7 |     9 |    13 ||    35
         Potion            |     2 |       |     6 |     3 |     5 ||    16
   Stab: Sleeping          |     2 |       |       |       |       ||     2
         Distracted        |       |       |     1 |     1 |       ||     2
         Invisible         |       |       |       |       |    24 ||    24
 Armour: Animal skin       |    45 |    15 |       |       |       ||    60
         Chain mail        |       |    42 |   115 |   201 |   165 ||   523
  Dodge: Dodged            |    98 |   116 |   251 |   422 |   375 ||  1262

Table legend: (Time is in decaauts)
 A = Elapsed time spent in this place.
 B = Non-inter-level travel time spent in this place.
 C = Inter-level travel time spent in this place.
 D = Time resting spent in this place.
 E = Time spent auto-exploring this place.
 F = Levels seen in this place.
 G = Mean time per level.
                   A        B        C        D        E       F      G
               +--------+--------+--------+--------+--------+-----+--------+
         Total |  16957 |  15820 |   1137 |   3747 |   7166 |  22 |  770.8 |
       Dungeon |   9260 |   8802 |    458 |   1150 |   5798 |  11 |  841.8 |
          Lair |   2325 |   1971 |    354 |    400 |    701 |   3 |  775.0 |
     Snake Pit |   1022 |    800 |    222 |    305 |      0 |   3 |  340.7 |
  Orcish Mines |   2704 |   2602 |    102 |   1216 |    539 |   2 | 1352.0 |
       Ossuary |    271 |    271 |      0 |    100 |     86 |   1 |  271.0 |
      Ice Cave |    836 |    836 |      0 |    377 |      0 |   1 |  836.0 |
      Gauntlet |    536 |    536 |      0 |    199 |     41 |   1 |  536.0 |
               +--------+--------+--------+--------+--------+-----+--------+

Top non-repeatable levels by time:
   Orc:1: 1597 daAuts
     D:4: 1462 daAuts
  Lair:1: 1333 daAuts
    D:10: 1189 daAuts
     D:1: 1113 daAuts
   Orc:2: 1106 daAuts
     D:5: 1078 daAuts
 Snake:1: 996 daAuts
     D:3: 954 daAuts
     D:8: 842 daAuts
   IceCv: 836 daAuts
    D:11: 742 daAuts
  Lair:2: 714 daAuts
     D:6: 706 daAuts
     D:7: 589 daAuts
